 Dungeon Crawl Stone Soup version 0.29.0-11-gd7f09526c8 (webtiles) character file.

Game seed: 6624253969678263869

1511 pacmanke6689 the Covert (level 9, -2/49 HPs)
             Began as a Kobold Enchanter on Sept 6, 2022.
             Slain by Duvessa
             ... wielding a +0 rapier of holy wrath
              (9 damage)
             ... on level 5 of the Dungeon.
             The game lasted 00:14:24 (5121 turns).

pacmanke6689 the Covert (Kobold Enchanter)          Turns: 5121, Time: 00:14:25

Health: -2/49      AC:  6    Str: 10    XL:     9   Next: 9%
Magic:  8/14       EV: 16    Int: 16    God:
Gold:   151        SH:  0    Dex: 15    Spells: 12/14 levels left

rFire   x . .      SeeInvis +   g - +0 dagger (venom)
rCold   . . .      Faith    .   (no shield)
rNeg    + . .      Spirit   .   h - +1 robe of the Gate {rF- rN+ SInv}
rPois   .          Reflect  .   f - +1 helmet
rElec   .          Harm     .   (no cloak)
rCorr   .          Rampage  .   (no gloves)
Will    .....                   m - +0 pair of boots
Stlth   ++++++....              (no amulet)
HPRegen 0.16/turn               (no ring)
MPRegen 0.14/turn               (no ring)

@: about to teleport
A: small, no large weapons, nightstalker 3
a: no special abilities


You were on level 5 of the Dungeon.
You visited 1 branch of the dungeon, and saw 5 of its levels.

You collected 151 gold pieces.

Inventory:

Hand Weapons
 a - a +1 dagger
 g - a +0 dagger of venom (weapon)
Armour
 b - a +0 robe
 f - a +1 helmet (worn)
 h - the +1 robe of the Gate (worn) {rF- rN+ SInv}
   (You found it on level 2 of the Dungeon)

   rF:        It makes you vulnerable to fire.
   rN:        It protects you from negative energy.
   SInv:      It lets you see invisible.
 m - a +0 pair of boots (worn)
Wands
 k - a wand of roots (8)
Scrolls
 e - a scroll of teleportation
 j - 3 scrolls of noise
Potions
 i - a potion of resistance {unknown}
 l - 2 potions of haste {unknown}
 n - a potion of magic {unknown}
 o - 2 potions of lignification {unknown}


   Skills:
 + Level 2.3 Fighting
 + Level 6.1 Short Blades
 + Level 4.6 Dodging
 + Level 10.7 Stealth
 + Level 3.4 Spellcasting
 + Level 4.4 Hexes
 + Level 2.2 Ice Magic


You had 12 spell levels left.
You knew the following spells:

 Your Spells              Type           Power      Damage    Failure   Level
a - Ensorcelled Hibernat  Hex/Ice        26%        N/A       7%          2

Your spell library contained the following spells:

 Spells                   Type           Power      Damage    Failure   Level
 Confusing Touch          Hex            17%        N/A       9%          3
 Tukima's Dance           Hex            17%        N/A       9%          3
 Foxfire                  Conj/Fire      8%         2x1d4     19%         1
 Dazzling Flash           Conj/Hex       18%        N/A       22%         3
 Inner Flame              Hex/Fire       9%         N/A       22%         3
 Blink                    Tloc           4%         N/A       26%         2
 Conjure Flame            Conj/Fire      2%         6-21      47%         3
 Lesser Beckoning         Tloc           2%         N/A       47%         3
 Flame Wave               Conj/Fire      2%         2d4       87%         4
 Manifold Assault         Tloc           2%         N/A       99%         5


Dungeon Overview and Level Annotations

Branches:
Dungeon (5/15)
 Temple: D:4-7

Altars:
Ashenzari
Cheibriados
Fedhas
Gozag
Makhleb
Okawaru
Sif Muna
Uskayaw
Yredelemnul
The Shining One

Annotations:
D:5 Duvessa


Innate Abilities, Weirdness & Mutations

You are small and have problems with some larger weapons.
You are completely attuned to the shadows.


Message History

Confirm with . or Enter, or press ? or * to list all spells.
Aiming: Ensorcelled Hibernation (safe; 7% risk of failure)
Press: ? - help, Shift-Dir - straight line, f - Duvessa
Aim: Duvessa, wielding a +0 rapier of holy wrath and wearing a +0 scale mail (wandering, hasn't noticed you, chance to affect: 29%) Duvessa shouts!
Duvessa easily resists.
Dowan shouts!
Casting: Ensorcelled Hibernation (safe; 7% risk of failure)
Confirm with . or Enter, or press ? or * to list all spells.
Aiming: Ensorcelled Hibernation (safe; 7% risk of failure)
Press: ? - help, Shift-Dir - straight line, f/p - Duvessa
Aim: Duvessa, wielding a +0 rapier of holy wrath and wearing a +0 scale mail (chance to affect: 29%) Dowan resists with some effort.
Casting: Ensorcelled Hibernation (safe; 7% risk of failure)
Confirm with . or Enter, or press ? or * to list all spells.
Aiming: Ensorcelled Hibernation (safe; 7% risk of failure)
Press: ? - help, Shift-Dir - straight line, f/p - Duvessa
Aim: Duvessa, wielding a +0 rapier of holy wrath and wearing a +0 scale mail (chance to affect: 29%) Dowan looks drowsy...
The helpless Dowan fails to defend himself.
You spit Dowan like a pig!!!
You kill Dowan!
Duvessa screams in rage.
Duvessa goes berserk!
Duvessa hits you with a +0 rapier of holy wrath.
Casting: Ensorcelled Hibernation (safe; 7% risk of failure)
Confirm with . or Enter, or press ? or * to list all spells.
You can't see any susceptible monsters within range! (Use Z to cast anyway.) Unknown command.
Casting: Ensorcelled Hibernation (safe; 7% risk of failure)
Confirm with . or Enter, or press ? or * to list all spells.
You don't know that spell.
Duvessa hits you with a +0 rapier of holy wrath!!
Okay, then.
As you read the scroll of teleportation, it crumbles to dust.
You feel strangely unstable.
Duvessa hits you with a +0 rapier of holy wrath!
* * * LOW HITPOINT WARNING * * *
Duvessa hits you with a +0 rapier of holy wrath!
You die...

......'..........#
#..#.# ..
......##########.#
#).#.# ...#### #.#
######..#.# ...#
#.# #<......#.#
...# #.#
#######.#.# ...#
#.# .....#'###
...# #.#
###........ ####
###)### #........
#..@..# #........
#..e..# #........
#.....# #.......
#.....# ##..)..#
#......# #......#
####'######
#..o.....#


You could see Duvessa (berserk).

Vanquished Creatures
  Pikel (D:5)
  A sky beast (D:4)
  A lemure (D:5)
  Blork the orc (D:5)
  2 necrophages (D:4)
  A water moccasin zombie (D:4)
  2 wights (D:4)
  Dowan (D:5)
  A howler monkey (D:4)
  A bullfrog zombie (D:4)
  2 hounds
  2 orc priests (D:5)
  Jessica (D:2)
  A human zombie (D:4)
  2 iguanas
  Natasha (D:2)
  2 orc wizards
  A hound zombie (D:4)
  2 mummies (D:4)
  Robin (D:2)
  2 adders (D:2)
  An ufetubus (D:5)
  2 adder zombies (D:4)
  6 dart slugs
  7 orcs
  7 bats
  6 endoplasms
  6 giant cockroaches
  12 goblins
  10 hobgoblins
  3 jackals (D:4)
  6 kobolds
  4 quokkas
  3 ball pythons
  9 frilled lizards
  A quokka zombie (D:4)
  5 rats
117 creatures vanquished.

Notes
Turn   | Place    | Note
-------+----------+-------------------------------------------
     0 | D:1      | pacmanke6689 the Kobold Enchanter began the quest for the
                  | Orb.
     0 | D:1      | Reached XP level 1. HP: 10/10 MP: 3/3
    83 | D:1      | Reached XP level 2. HP: 14/15 MP: 5/5
   271 | D:1      | Reached XP level 3. HP: 19/19 MP: 6/6
  1379 | D:2      | Noticed Robin
  1391 | D:2      | Reached XP level 4. HP: 10/24 MP: 7/7
  1392 | D:2      | Reached skill level 5 in Stealth
  1394 | D:2      | Killed Robin
  1676 | D:2      | Learned a level 2 spell: Ensorcelled Hibernation
  2030 | D:2      | Found a faded altar of an unknown god.
  2050 | D:2      | Identified the +1 robe of the Gate {rF- rN+ SInv}
  2065 | D:2      | Noticed Jessica
  2073 | D:2      | Killed Jessica
  2074 | D:2      | Reached skill level 6 in Stealth
  2074 | D:2      | Reached XP level 5. HP: 28/28 MP: 8/8
  2215 | D:2      | Noticed Natasha
  2219 | D:2      | Killed Natasha
  2464 | D:3      | Reached skill level 7 in Stealth
  2577 | D:3      | Found a blossoming altar of Fedhas.
  2598 | D:3      | Reached XP level 6. HP: 28/33 MP: 9/9
  3443 | D:4      | Noticed a sky beast
  3447 | D:4      | Killed a sky beast
  3548 | D:4      | Reached skill level 8 in Stealth
  3924 | D:4      | Reached skill level 1 in Ice Magic
  3924 | D:4      | Reached XP level 7. HP: 37/37 MP: 11/11
  4039 | D:4      | Found a basalt altar of Yredelemnul.
  4058 | D:4      | Reached skill level 1 in Fighting
  4082 | D:4      | Reached skill level 9 in Stealth
  4134 | D:4      | Reached XP level 8. HP: 18/43 MP: 12/12
  4414 | D:4      | Found a snail-covered altar of Cheibriados.
  4720 | D:5      | Entered Level 5 of the Dungeon
  4743 | D:5      | Noticed Pikel
  4757 | D:5      | Killed Pikel
  4758 | D:5      | Reached skill level 5 in Short Blades
  4758 | D:5      | Reached skill level 10 in Stealth
  4881 | D:5      | Found a shimmering blue altar of Sif Muna.
  4882 | D:5      | Found a glowing golden altar of the Shining One.
  4883 | D:5      | Found a broken altar of Ashenzari.
  4883 | D:5      | Found an iron altar of Okawaru.
  4883 | D:5      | Noticed Blork the orc
  4888 | D:5      | Found a hide-covered altar of Uskayaw.
  4889 | D:5      | Killed Blork the orc
  4891 | D:5      | Found a burning altar of Makhleb.
  4892 | D:5      | Found an opulent altar of Gozag.
  5058 | D:5      | Noticed Duvessa
  5058 | D:5      | Noticed Dowan
  5060 | D:5      | Reached XP level 9. HP: 48/48 MP: 12/14
  5117 | D:5      | Killed Dowan
  5121 | D:5      | Slain by Duvessa

Illustrated notes

Levels and vault maps discovered:
D:1:      tarquinn_simple_flora_water_c, layout_basic, minmay_bisected
D:2:      layout_loops_ring, basic_ecumenical_altar, minmay_3d_cube, uniq_robin,
          uniq_natasha, uniq_jessica
D:3:      layout_rooms, fedhas_altar_2
D:4:      layout_basic, lemuel_mausoleum_altar_yredelemnul, chei_slow_surprise
D:5:      lemuel_ice_spiral_2, layout_basic, grunt_temple_overflow_open,
          uniq_pikel, uniq_blork_the_orc, uniq_duvessa, uniq_eustachio

Skill      XL: |  1  2  3  4  5  6  7  8 |
---------------+-------------------------+-----
Short Blades   | 2 3 4 6 |  6.1
Stealth        | 6 7 8 9 10 | 10.7
Dodging        | 3 4 |  4.6
Ice Magic      | 1 2 |  2.2
Fighting       | 1 2 |  2.3
Hexes          | 4 |  4.4
Spellcasting   | 3 |  3.4

Action                   |  1- 3 |  4- 6 |  7- 9 || total
-------------------------+-------+-------+-------++-------
Melee: Dagger            |    88 |    85 |   112 ||   285
 Cast: Ensorcelled Hiber |       |    14 |    15 ||    29
  Use: Scroll            |     4 |     3 |     1 ||     8
       Potion            |     2 |       |     2 ||     4
 Stab: Sleeping          |    20 |    32 |    26 ||    78
       Invisible         |       |     4 |     1 ||     5
Armor: Robe              |    10 |     8 |    10 ||    28
Dodge: Dodged            |    60 |    34 |    37 ||   131
